 Seeded DCSS version 0.29-a0-378-gc08b2e8bf8 (webtiles) character file.

Game seed: 13605594255664981076 (custom seed)

1625 thiscave3701365 the Cleaver (level 8, -2/67 HPs)
             Began as a Minotaur Berserker on May 4, 2022.
             Was a Believer of Trog.
             Shot with an arrow by a centaur (5 damage)
             ... on level 7 of the Dungeon.
             The game lasted 00:06:06 (8867 turns).

thiscave3701365 the Cleaver (Minotaur Berserker)    Turns: 8867, Time: 00:06:07

Health: -2/67      AC: 12    Str: 25    XL:     8   Next: 65%
Magic:  7/7        EV:  8    Int:  4    God:    Trog [**....]
Gold:   223        SH:  0    Dex:  9    Spells: 7/7 levels left

rFire   . . .      SeeInvis .   e - +0 battleaxe
rCold   . . .      Faith    .   (shield currently unavailable)
rNeg    . . .      Spirit   .   d - +0 plate armour
rPois   .          Reflect  .   (helmet restricted)
rElec   .          Harm     .   (no cloak)
rCorr   .          Rampage  .   (no gloves)
Will    .....                   (no boots)
Stlth   ..........              (no amulet)
HPRegen 0.21/turn               (no ring)
MPRegen 0.10/turn               (no ring)

@: on berserk cooldown, slowed, very slow
A: horns 2, retaliatory headbutt
a: Renounce Religion, Berserk, Trog's Hand


You were on level 7 of the Dungeon.
You worshipped Trog.
Trog was pleased with you.
You visited 1 branch of the dungeon, and saw 7 of its levels.

You collected 223 gold pieces.

Inventory:

Hand Weapons
 a - a +0 hand axe
 e - a +0 battleaxe (weapon)
Armour
 d - a +0 plate armour (worn)
Jewellery
 r - a ring of protection from cold
Wands
 b - a wand of polymorph (4)
 u - a wand of digging (3)
 v - a wand of charming (10)
Scrolls
 h - a scroll of fog
 i - a scroll of vulnerability
 k - a scroll of poison
Potions
 c - a potion of brilliance
 f - 2 potions of haste
 j - a potion of magic
 l - a potion of might
 m - a potion of ambrosia
 n - a potion of flight
 s - a potion of heal wounds {unknown}
 t - 2 potions of mutation {unknown}


   Skills:
 - Level 4.4 Fighting
 + Level 11.6 Axes
 + Level 6.5 Armour
 - Level 3.2 Dodging


You had 7 spell levels left.
You didn't know any spells.
Your spell library was empty.

Dungeon Overview and Level Annotations

Branches:
Dungeon (8/15)             Temple (0/1) D:4
   Lair: D:8-11

Altars:
Ashenzari
Cheibriados
Gozag
Makhleb
Nemelex Xobeh
Okawaru
Uskayaw


Innate Abilities, Weirdness & Mutations

You have a pair of horns on your head.
You reflexively headbutt those who attack you in melee.


Message History

You slash the orc warrior!
You headbutt the orc warrior, but do no damage.
The orc warrior is heavily wounded.
You hit the kobold brigand.
The kobold brigand hits you but does no damage.
An orc wizard comes into view. It is wielding a +0 dagger.
An orc comes into view. It is wielding a +2 mace of pain.
The orc warrior hits you but does no damage.
The kobold brigand closely misses you. You furiously retaliate!
You headbutt the kobold brigand!
You kill the kobold brigand!
Trog accepts your kill.
The orc wizard casts a spell.
The orc wizard flickers and vanishes!
Deactivating autopickup; reactivate with Ctrl-A.
The wyvern bites you.
As you read the scroll of fear, it crumbles to dust.
You assume a fearsome visage.
The wyvern looks frightened!
The orc warrior looks frightened!
The orc looks frightened!
The orc shouts!
The orc looks frightened!
You slice the orc!!
You kill the orc!
Trog accepts your kill.
A centaur comes into view.
You hear the quick hiss of an avalanche of sand nearby.
The centaur shouts!
The centaur wields a +0 shortbow.
The centaur shoots an arrow.
The arrow hits you!
* * * LOW HITPOINT WARNING * * *
The centaur shoots an arrow.
The arrow hits you.
* * * LOW HITPOINT WARNING * * *
Items here: ( )) †.
The centaur shoots an arrow.
The arrow hits you!
* * * LOW HITPOINT WARNING * * *
The centaur shoots an arrow.
The arrow closely misses you.
The centaur shoots an arrow.
The arrow hits you.
* * * LOW HITPOINT WARNING * * *
The centaur shoots an arrow.
The arrow hits you.
You die...

.............. ......'.
##...##.....# #....c#..
.....##.....####.....#..
.....##.......)#........
.....##......).)........
.........#..$)))........
.........#..............
.........#...$..........
##########.....#@#######
....#.##.# ...).#.....
.....#..#... .. ........
.. ...... ... .......
... #.......#


You could see a centaur.

Vanquished Creatures
  A vampire mosquito (D:7)
  2 ice beasts
  3 ogres
  A centaur (D:8)
  2 phantoms (D:5)
  2 kobold brigands (D:7)
  2 necrophages (D:5)
  A hound (D:5)
  2 orc priests (D:4)
  A gnoll shaman (D:7)
  An iguana (D:3)
  4 orc wizards
  13 gnolls
  6 adders
  A shadow imp (D:7)
  A white imp (D:7)
  An ufetubus (D:4)
  A worm (D:5)
  28 orcs
  4 endoplasms
  3 giant cockroaches
  8 goblins
  4 hobgoblins
  3 jackals (D:1)
  A quokka (D:4)
  10 ball pythons
  A bat (D:3)
  3 frilled lizards
  7 kobolds
  7 rats
124 creatures vanquished.

Notes
Turn   | Place    | Note
-------+----------+-------------------------------------------
     0 | D:1      | thiscave3701365 the Minotaur Berserker began the quest for
                  | the Orb.
     0 | D:1      | Reached XP level 1. HP: 19/19 MP: 0/0
   397 | D:1      | Found a faded altar of an unknown god.
   474 | D:1      | Reached XP level 2. HP: 27/27 MP: 1/1
  1011 | D:1      | Reached skill level 4 in Axes
  1572 | D:2      | Reached XP level 3. HP: 33/33 MP: 2/2
  1581 | D:2      | Reached XP level 4. HP: 15/40 MP: 3/3
  2184 | D:2      | Reached ** piety under Trog
  2648 | D:3      | Reached skill level 5 in Axes
  2840 | D:3      | Found a hide-covered altar of Uskayaw.
  2841 | D:3      | Found a burning altar of Makhleb.
  3065 | D:3      | Reached XP level 5. HP: 47/47 MP: 4/4
  4041 | D:4      | Noticed an ogre
  4045 | D:4      | Killed an ogre
  4046 | D:4      | Reached skill level 6 in Axes
  4311 | D:4      | Found an opulent altar of Gozag.
  4311 | D:4      | Found a sparkling altar of Nemelex Xobeh.
  4361 | D:4      | Found a staircase to the Ecumenical Temple.
  4437 | D:4      | Reached XP level 6. HP: 53/53 MP: 5/5
  4441 | D:4      | Reached skill level 7 in Axes
  5270 | D:4      | Found a snail-covered altar of Cheibriados.
  5439 | D:4      | Found an iron altar of Okawaru.
  6153 | D:5      | Entered Level 5 of the Dungeon
  6883 | D:5      | Reached skill level 8 in Axes
  6885 | D:5      | Reached XP level 7. HP: 60/60 MP: 6/6
  6907 | D:5      | Reached skill level 9 in Axes
  7759 | D:5      | Reached skill level 10 in Axes
  8096 | D:5      | Found a broken altar of Ashenzari.
  8265 | D:5      | Reached XP level 8. HP: 67/67 MP: 7/7
  8409 | D:5      | You fall into a shaft and drop 3 floors!
  8424 | D:8      | Noticed a two-headed ogre
  8520 | D:7      | Reached skill level 11 in Axes
  8520 | D:7      | Reached skill level 5 in Armour
  8866 | D:7      | HP: 3/67 [centaur/arrow (5)]
  8867 | D:7      | Shot with an arrow by a centaur

Illustrated notes

Levels and vault maps discovered:
D:1:      wander_arrival_lonely_grave, layout_basic,
          ebering_ecumenical_altar_rust
D:2:      layout_basic, minmay_misc_feat_tower, grunt_decor_mini_mirrors
D:3:      layout_basic, mainiacjoe_overflow_divided_tiny
D:4:      layout_loops_ring, grunt_temple_overflow_opulence,
          general_overflow_altar, mainiacjoe_overflow_24_doors, temple_doors_ab
D:5:      layout_basic, mainiacjoe_overflow_paths
D:7:      layout_basic, nicolae_ossuary_entry_giza, minmay_manual_mess
D:8:      layout_rooms, lair_entry_dummy, serial_co_window_serial,
          co_window_corner_a, co_window_corner_a, co_window_paths_a,
          co_window_paths_b, co_window_corner_a, co_window_of_opportunity_c,
          co_window_corner_b, co_window_corner_cb, co_window_of_opportunity_b,
          co_window_broadway_c, glass_columns_b, uniq_grum, uniq_amaemon

Skill      XL: |  1  2  3  4  5  6  7  8 |
---------------+-------------------------+-----
Axes           | 4 5 6 8 10 11 | 11.6
Fighting       | 4 |  4.4
Armour         | 3 4 6 |  6.5
Dodging        | 3 |  3.2

Action                   |  1- 3 |  4- 6 |  7- 9 || total
-------------------------+-------+-------+-------++-------
Melee: Hand axe          |    47 |   139 |    45 ||   231
       Headbutt          |     4 |    19 |    16 ||    39
       Punch             |     1 |       |     1 ||     2
       Battleaxe         |       |       |    35 ||    35
Invok: Berserk           |     4 |     8 |     7 ||    19
  Use: Scroll            |       |    13 |     2 ||    15
 Stab: Sleeping          |     1 |       |       ||     1
Armor: Animal skin       |     8 |     4 |       ||    12
       Chain mail        |       |    50 |    10 ||    60
       Plate armour      |       |       |    46 ||    46
Dodge: Dodged            |    32 |    56 |    40 ||   128

Table legend: (Time is in decaauts)
 A = Elapsed time spent in this place.
 B = Non-inter-level travel time spent in this place.
 C = Inter-level travel time spent in this place.
 D = Time resting spent in this place.
 E = Time spent auto-exploring this place.
 F = Levels seen in this place.
 G = Mean time per level.
                   A        B        C        D        E       F      G
               +--------+--------+--------+--------+--------+-----+--------+
         Total |   9080 |   8776 |    304 |   4357 |   3617 |   7 | 1297.1 |
       Dungeon |   9080 |   8776 |    304 |   4357 |   3617 |   7 | 1297.1 |
               +--------+--------+--------+--------+--------+-----+--------+

Top non-repeatable levels by time:
     D:4: 2881 daAuts
     D:5: 1578 daAuts
     D:2: 1444 daAuts
     D:3: 1434 daAuts
     D:1: 1244 daAuts
     D:7: 409 daAuts
     D:8: 87 daAuts
